 Dungeon Crawl Stone Soup version 0.25-a0-670-g50981ef59b (webtiles) character file.

Game seed: 13223865290487757411, levelgen mode: deterministic

135937 Kohma the Sharpshooter (level 17, -2/111 HPs)
             Began as a Kobold Berserker on Mar 29, 2020.
             Was a High Priest of Trog.
             Slain by a nagaraja (15 damage)
             ... on level 2 of the Snake Pit.
             The game lasted 01:31:19 (32518 turns).

Kohma the Sharpshooter (Kobold Berserker)          Turns: 32518, Time: 01:31:19

Health: -2/111     AC: 15    Str: 16    XL:     17   Next: 79%
Magic:  0/24       EV: 18    Int:  8    God:    Trog [*****.]
Gold:   1149       SH:  3    Dex: 20    Spells: 16/16 levels left

rFire    + . .     SeeInvis +   a - +8 arc blade {discharge, rElec}
rCold    . . .     Gourm    .   (shield restricted)
rNeg     + . .     Faith    .   Q - +2 ring mail {rF+}
rPois    +         Spirit   +   F - +2 hat of the Bear Spirit {Spirit, +Rage rN+ MR++}
rElec    +         Reflect  +   r - scarf {repulsion}
rCorr    .         Harm     .   K - +2 pair of gloves
MR       +++..                  R - +0 pair of boots {Fly}
Stlth    ++++++....             h - +3 amulet of reflection
HPRegen  0.28/turn              e - ring of poison resistance
MPRegen  0.19/turn              l - ring of see invisible

@: flying, very slightly contaminated, constricted, repel missiles
A: small, carnivore
a: Berserk, Trog's Hand, Brothers in Arms, Renounce Religion, Evoke Berserk
Rage, Stop Flying


You were on level 2 of the Snake Pit.
You worshipped Trog.
Trog was extremely pleased with you.
You were very full.

You visited 5 branches of the dungeon, and saw 26 of its levels.
You also visited: Volcano.

You collected 2707 gold pieces.
You spent 1558 gold pieces at shops.

Inventory:

Hand Weapons
 a - the +8 arc blade (weapon) {discharge, rElec}
   (You found it on level 5 of the Dungeon)

   It insulates you from electricity.
 b - a +2 arbalest of freezing
 n - a +3 triple crossbow of flaming
 Z - a +7 vorpal quick blade
Missiles
 d - 279 bolts
 p - 5 curare-tipped darts (quivered)
 B - 2 throwing nets
Armour
 r - a scarf of repulsion (worn)
 F - the +2 hat of the Bear Spirit (worn) {Spirit, +Rage rN+ MR++}
   (You found it on level 10 of the Dungeon)

   It protects you from negative energy.
   It affects your resistance to hostile enchantments.
   It lets you go berserk.
 K - a +2 pair of gloves (worn)
 L - +0 fire dragon scales
 Q - a +2 ring mail of fire resistance (worn)
 R - a +0 pair of boots of flying (worn)
Jewellery
 e - a ring of poison resistance (left hand)
 h - a +3 amulet of reflection (around neck)
 l - a ring of see invisible (right hand)
 C - an uncursed ring of positive energy
 P - an uncursed ring of fire
Wands
 s - a wand of clouds (9)
 t - a wand of iceblast (35)
 x - a wand of polymorph (29)
 y - a wand of disintegration (36)
 D - a wand of enslavement (12)
 E - a wand of digging (13)
 G - a wand of paralysis (8)
 H - a wand of acid (17)
Scrolls
 m - 6 scrolls of blinking
 w - 6 scrolls of teleportation
 A - 8 scrolls of magic mapping
 J - a scroll of fog
 M - 5 scrolls of fear
 N - 2 scrolls of immolation
 O - a scroll of enchant weapon
 S - a scroll of enchant armour
 U - 3 scrolls of remove curse
 Y - a scroll of silence
Potions
 f - 12 potions of curing
 g - 3 potions of stabbing
 i - a potion of might {unknown}
 j - 2 potions of heal wounds
 k - 2 potions of ambrosia
 o - a potion of mutation {unknown}
 u - 4 potions of lignification
 v - 2 potions of resistance
 z - 7 potions of haste
 W - 2 potions of cancellation
Miscellaneous
 q - a fan of gales
 I - 2 phantom mirrors
 T - a lamp of fire
 V - a box of beasts
Comestibles
 c - 43 rations
 X - 6 chunks of flesh


   Skills:
 - Level 14.0 Fighting
 - Level 14.0 Short Blades
 + Level 19.5 Crossbows
 - Level 7.0 Armour
 - Level 10.0 Dodging
 - Level 15.0 Stealth
   Level 5.7 Shields
 - Level 10.0 Evocations


You had 16 spell levels left.
You didn't know any spells.
Your spell library was empty.

Dungeon Overview and Level Annotations

Branches:
Dungeon (15/15)            Temple (1/1) D:5            Lair (6/6) D:9
 Shoals (0/4) Lair:2        Snake (2/4) Lair:2        Slime (0/5) Lair:5
    Orc (2/2) D:12            Elf (0/3) Orc:2        Vaults (0/5) D:13
 Depths (0/5) D:15        Volcano (visited)

Altars:
Ashenzari
Cheibriados
Dithmenos
Elyvilon
Fedhas
Gozag
Hepliaklqana
Kikubaaqudgha
Makhleb
Nemelex Xobeh
Okawaru
Qazlal
Ru
Sif Muna
Trog
Uskayaw
Vehumet
Wu Jian
Xom
Yredelemnul
Zin
The Shining One
Beogh

Shops:
D:4 (   D:7 [   D:8 (   D:9 :   Orc:2 (*=[

Annotations:
D:13 2 transporters, Fosh's ghost, journeyman GrEE
D:15 1 runed translucent door


Innate Abilities, Weirdness & Mutations

You are small and have problems with some larger weapons.
You are carnivorous and can eat meat at any time.


Message History

The nagaraja constricts you.
You feel better.
The naga sharpshooter casts a spell.
The naga sharpshooter magically shoots a bolt.
The bolt hits you!!
* * * LOW HITPOINT WARNING * * *
The nagaraja spits poison at you. The splash of poison misses you.
You feel much better.
The nagaraja points at you and mumbles some strange words.
The lance of force hits you!!
* * * LOW HITPOINT WARNING * * *
You are knocked back by the lance of force.
You slam into the rock wall!
* * * LOW HITPOINT WARNING * * *
The nagaraja hits you with a +4 flail!
* * * LOW HITPOINT WARNING * * *
x2 The nagaraja constricts you.
The naga sharpshooter shoots a bolt.
The bolt misses you. The nagaraja hits you!
You die...

##N.(.....##
#..........
##(.......#
#..........
#)†....(..#
#..........
#.........#
#..........
#...÷.....#
##.........
#....S).).#
#.........
##......).#
#......... #....N...#
#......... ##...N@###
##........ #####N##
##....#.. ##.#
######.. ##.########
#.. ####.........###
#..
###..............##
#..
##.................#
#..
##..................#
#..
#..................#
##..


You could see 2 nagarajas, a naga sharpshooter and a guardian serpent.

Vanquished Creatures
  Vashnia (Snake:2)
  Rupert (D:13)
  Jorgrun (D:15)
  Kirke (D:14)
  Gastronok (Orc:1)
  Donald (Orc:2)
  2 nagarajas (Snake:2)
  An orc warlord (Orc:2)
  Aizul (Snake:1)
  Nessos (Orc:2)
  A red draconian (Volcano)
  Azrael (D:13)
  Snorg (D:13)
  2 ogre magi
  Josephine (D:14)
  A fire dragon (Lair:6)
  5 hydras
  2 naga warriors (Snake:1)
  5 anacondas
  10 two-headed ogres
  2 dancing weapons (D:13)
  6 centaur warriors
  7 naga sharpshooters
  A tengu warrior (D:15)
  An orc high priest (Orc:2)
  2 shock serpents (Snake:2)
  Sonja (Orc:2)
  A fire crab (Lair:6)
  3 skeletal warriors (D:15)
  2 unseen horrors (D:15)
  A deep troll (D:15)
  3 naga ritualists
  Pikel (D:5)
  5 orc knights
  4 orc sorcerers
  7 mana vipers
  3 salamanders
  2 wolf spiders
  3 ugly things (D:15)
  A manticore (D:15)
  6 cyclopes
  3 deep elf magi (D:15)
  3 elephants (Lair:6)
  3 centaur zombies
  Joseph (D:9)
  26 black mambas
  A guardian serpent (shapeshifter) (D:15)
  2 guardian serpents (Snake:2)
  4 naga magi
  3 molten gargoyles (Lair:6)
  9 spiny frogs
  4 centaur skeletons
  A gargoyle (D:11)
  3 freezing wraiths (D:15)
  8 komodo dragons
  A kobold demonologist (D:14)
  2 yaktaurs
  2 ice devils (Lair:1)
  A redback zombie (D:14)
  5 trolls
  A polar bear (Lair:5)
  2 merfolk (Lair:2)
  A hornet (Lair:4)
  24 blink frogs
  2 dream sheep (D:11)
  4 slime creatures (D:12)
  A raiju (shapeshifter) (D:13)
  8 hippogriffs
  4 wraiths
  2 shadows
  A vampire (D:12)
  3 hogs (D:14)
  5 wyverns
  2 fire elementals (D:13)
  8 basilisks
  2 steam dragons
  56 yaks
  6 vampire mosquitoes
  Edmund (D:5)
  5 hungry ghosts
  A soldier ant (D:11)
  3 wargs
  11 nagas
  2 acid dragons (D:15)
  23 water moccasins
  2 slaves (D:5)
  A floating eye (shapeshifter) (D:15)
  7 hell hounds
  10 porcupines
  3 ice beasts
  6 sky beasts
  28 orc warriors
  5 phantoms
  5 black bears
  3 necrophages
  A hornet zombie (D:12)
  10 centaurs
  21 ogres
  10 wolves
  21 crocodiles
  11 bullfrogs
  8 big kobolds
  A gnoll sergeant (D:7)
  A wyvern zombie (D:9)
  A wyvern skeleton (D:14)
  6 scorpions
  10 killer bees (D:11)
  9 wights
  An electric eel (Lair:2)
  7 howler monkeys
  A bullfrog zombie (D:5)
  6 crimson imps
  2 quasits
  5 lava snakes (Lair:6)
  14 jellies
  38 orc wizards
  15 orc priests
  11 hounds
  3 bullfrog skeletons
  8 iguanas
  7 worker ants
  3 hound skeletons
  12 gnolls
  16 adders
  6 shadow imps
  3 oozes
  An adder zombie (D:7)
  An adder skeleton (D:4)
  5 worms
  5 leopard geckos
  81 orcs
  A ball python (D:2)
  5 giant cockroaches
  6 goblins
  5 hobgoblins
  13 jackals
  20 kobolds
  A quokka (D:3)
  4 bats
  7 frilled lizards
  A giant cockroach zombie (D:5)
  A jackal skeleton (D:8)
  A quokka zombie (D:5)
  11 rats
  A fungus (Lair:2)
  A plant (Lair:5)
871 creatures vanquished.

Vanquished Creatures (collateral kills)
  A death knight (D:15)
  A wraith (D:15)
  5 orc warriors (Orc:2)
  3 orc wizards (Orc:2)
  4 orcs (Orc:2)
14 creatures vanquished.

Vanquished Creatures (others)
  A naga sharpshooter (Snake:2)
  2 orc priests (Orc:2)
  A quokka skeleton (D:5)
  4 fungi
  A plant (Lair:6)
9 creatures vanquished.

Grand Total: 894 creatures vanquished

Notes
Turn   | Place    | Note
-------+----------+-------------------------------------------
     0 | D:1      | Kohma the Kobold Berserker began the quest for the Orb.
     0 | D:1      | Reached XP level 1. HP: 14/14 MP: 1/1
    85 | D:1      | Reached XP level 2. HP: 19/19 MP: 2/2
   107 | D:1      | Reached skill level 1 in Stealth
   513 | D:2      | Reached XP level 3. HP: 23/23 MP: 3/3
   749 | D:2      | Reached ** piety under Trog
  1100 | D:2      | Found a shattered altar of Ashenzari.
  1168 | D:2      | Reached XP level 4. HP: 29/29 MP: 4/4
  1804 | D:3      | Reached skill level 5 in Short Blades
  1804 | D:3      | Reached XP level 5. HP: 32/33 MP: 5/5
  1924 | D:3      | Found an ornate altar of the Wu Jian Council.
  2654 | D:4      | Reached XP level 6. HP: 31/39 MP: 6/6
  2801 | D:4      | Noticed an ogre
  2816 | D:4      | Killed an ogre
  2839 | D:4      | Reached *** piety under Trog
  2849 | D:4      | Noticed a phantom
  3055 | D:4      | Reached XP level 7. HP: 23/44 MP: 7/7
  3231 | D:4      | Reached skill level 5 in Fighting
  3413 | D:4      | Reached skill level 5 in Stealth
  3447 | D:4      | Reached skill level 5 in Dodging
  3755 | D:4      | Found Jiocek's Antique Weapon Shoppe.
  3758 | D:4      | Bought a hand crossbow for 77 gold pieces
  3874 | D:5      | Entered Level 5 of the Dungeon
  3876 | D:5      | Found a staircase to the Ecumenical Temple.
  3897 | D:5      | Reached XP level 8. HP: 49/49 MP: 8/8
  3907 | D:5      | Reached skill level 1 in Crossbows
  3965 | Temple   | Entered the Ecumenical Temple
  4355 | D:5      | You fall into a shaft and drop 2 floors!
  4410 | D:7      | Reached skill level 2 in Crossbows
  4783 | D:6      | Reached skill level 3 in Crossbows
  4808 | D:6      | Reached XP level 9. HP: 30/54 MP: 9/9
  5011 | D:6      | Reached **** piety under Trog
  5280 | D:6      | Reached skill level 4 in Crossbows
  5792 | D:5      | Noticed Pikel
  5810 | D:5      | Killed Pikel
  5810 | D:5      | Reached skill level 10 in Short Blades
  5810 | D:5      | Reached skill level 5 in Crossbows
  5998 | D:5      | Found a shadowy altar of Dithmenos.
  6017 | D:5      | Reached skill level 1 in Evocations
  6090 | D:5      | Reached XP level 10. HP: 52/59 MP: 9/11
  6138 | D:5      | Noticed Edmund
  6184 | D:5      | Killed Edmund
  6625 | D:5      | Found the +8 arc blade {discharge, rElec}
  6766 | D:7      | Found Udeah's Armour Shoppe.
  6770 | D:7      | Bought a scarf of repulsion for 132 gold pieces
  6885 | D:7      | Reached ***** piety under Trog
  6885 | D:7      | Received a gift from Trog
  7107 | D:7      | Reached skill level 6 in Crossbows
  7136 | D:7      | Found a glowing golden altar of the Shining One.
  7528 | D:8      | Found Pecom's Antique Weapon Boutique.
  7825 | D:8      | Reached skill level 5 in Evocations
  7841 | D:8      | Reached skill level 10 in Stealth
  7841 | D:8      | Reached XP level 11. HP: 42/63 MP: 13/15
  8239 | D:9      | Reached skill level 7 in Crossbows
  8286 | D:9      | Found a staircase to the Lair.
  8531 | D:9      | Got a bloodstained leather armour
  8546 | D:9      | Identified the cursed +0 leather armour of Neunuki {rPois
                  | rN++ Stlth+} (You found it on level 9 of the Dungeon)
  8670 | D:9      | Noticed Joseph
  8677 | D:9      | Killed Joseph
  8720 | D:9      | Found Cupp's Book Emporium.
  8937 | D:9      | Received a gift from Trog
  9482 | D:10     | Entered Level 10 of the Dungeon
  9482 | D:10     | Found the +2 hat of the Bear Spirit {Spirit, +Rage rN+
                  | MR++}
 10451 | D:11     | Reached skill level 8 in Crossbows
 10680 | D:11     | Received a gift from Trog
 10778 | D:11     | Noticed a two-headed hydra
 10781 | D:11     | Killed a two-headed hydra
 10781 | D:11     | Reached skill level 10 in Dodging
 10781 | D:11     | Reached XP level 12. HP: 68/68 MP: 18/18
 10832 | D:11     | Noticed a two-headed ogre
 10835 | D:11     | Killed a two-headed ogre
 10862 | D:11     | Noticed a seven-headed hydra
 11153 | D:11     | Reached skill level 9 in Crossbows
 11153 | D:11     | Reached skill level 10 in Evocations
 11646 | Lair:1   | Entered Level 1 of the Lair of Beasts
 11652 | Lair:1   | Received a gift from Trog
 11688 | Lair:1   | Reached skill level 10 in Crossbows
 11888 | Lair:1   | Found a dark tunnel.
 11900 | Volcano  | Entered a volcano
 11927 | Volcano  | Noticed an ogre mage
 11945 | Volcano  | Killed an ogre mage
 12150 | Volcano  | Found a radiant altar of Vehumet.
 12151 | Volcano  | Noticed a two-headed ogre
 12153 | Volcano  | Killed a two-headed ogre
 12159 | Volcano  | Noticed a two-headed ogre
 12161 | Volcano  | Killed a two-headed ogre
 12174 | Volcano  | Noticed a two-headed ogre
 12175 | Volcano  | Noticed a two-headed ogre
 12183 | Volcano  | Killed a two-headed ogre
 12187 | Volcano  | Killed a two-headed ogre
 12357 | Volcano  | Noticed a red draconian
 12392 | Volcano  | Killed a red draconian
 12392 | Volcano  | Reached XP level 13. HP: 57/74 MP: 16/20
 13260 | Lair:1   | Reached skill level 5 in Armour
 13570 | Lair:1   | Found the +8 whip "Snakebite" {curare, rPois}
 13893 | Lair:2   | Received a gift from Trog
 14167 | Lair:2   | Noticed an eight-headed hydra
 14184 | Lair:2   | Killed an eight-headed hydra
 14263 | Lair:2   | Found a staircase to the Snake Pit.
 14358 | Lair:2   | Found a staircase to the Shoals.
 15189 | Lair:3   | Reached skill level 10 in Fighting
 15643 | Lair:4   | Reached XP level 14. HP: 87/88 MP: 21/21
 17009 | Lair:5   | Found a staircase to the Slime Pits.
 17114 | Lair:5   | Received a gift from Trog
 18061 | Lair:6   | Entered Level 6 of the Lair of Beasts
 18208 | Lair:6   | Reached skill level 11 in Crossbows
 18552 | Lair:6   | Received a gift from Trog
 18569 | Lair:6   | Reached skill level 15 in Stealth
 18879 | Lair:6   | Found a shadowy altar of Dithmenos.
 19048 | Lair:6   | Reached skill level 1 in Shields
 19427 | Lair:6   | Reached skill level 12 in Crossbows
 20060 | Lair:6   | Found a large runed translucent door.
 20193 | Lair:6   | Reached XP level 15. HP: 89/92 MP: 22/22
 20296 | Lair:6   | Found a large runed translucent door.
 20684 | D:12     | Found a roughly hewn altar of Beogh.
 20684 | D:12     | Found a staircase to the Orcish Mines.
 20699 | D:12     | Received a gift from Trog
 20791 | D:12     | Reached skill level 13 in Crossbows
 21658 | D:12     | Reached skill level 5 in Shields
 21917 | Orc:1    | Entered Level 1 of the Orcish Mines
 21946 | Orc:1    | Received a gift from Trog
 22491 | Orc:1    | Noticed Gastronok
 22505 | Orc:1    | Killed Gastronok
 22670 | Orc:2    | Entered Level 2 of the Orcish Mines
 22673 | Orc:2    | Found a staircase to the Elven Halls.
 22764 | Orc:2    | Noticed Nessos
 22787 | Orc:2    | Killed Nessos
 22787 | Orc:2    | Reached skill level 14 in Crossbows
 22935 | Orc:2    | Received a gift from Trog
 22977 | Orc:2    | Found a roughly hewn altar of Beogh.
 23124 | Orc:2    | Noticed an orc warlord
 23147 | Orc:2    | Killed an orc warlord
 23157 | Orc:2    | Reached skill level 15 in Crossbows
 23158 | Orc:2    | Found Yluizohe's Antique Weapon Boutique.
 23196 | Orc:2    | Found Vemikk's Jewellery Boutique.
 23521 | Orc:2    | Found Okhla Soxu's Antique Armour Boutique.
 23574 | Orc:2    | Identified the cursed +0 kite shield "Cilaor" {Dex+2}
 23574 | Orc:2    | Noticed Donald
 23581 | Orc:2    | Killed Donald
 23581 | Orc:2    | Received a gift from Trog
 23584 | Orc:2    | Noticed Sonja
 23590 | Orc:2    | Killed Sonja
 23743 | Orc:2    | Found Pecuz's General Store.
 23749 | Orc:2    | Bought a scroll of identify for 34 gold pieces
 23749 | Orc:2    | Bought a scroll of fog for 34 gold pieces
 23749 | Orc:2    | Bought a scroll of identify for 34 gold pieces
 23842 | Orc:2    | Bought a runed arbalest for 165 gold pieces
 23842 | Orc:2    | Bought a glowing arbalest for 165 gold pieces
 23858 | Orc:2    | Bought a scroll of remove curse for 51 gold pieces
 23858 | Orc:2    | Bought a scroll of silence for 127 gold pieces
 23858 | Orc:2    | Bought a scroll of fear for 59 gold pieces
 23858 | Orc:2    | Bought a lightning rod (4/4) for 680 gold pieces
 24029 | D:13     | Found a transporter.
 24052 | D:13     | Identified the +5 great sword "Fenwauv" {distort, rPois rF+
                  | Int+4}
 24053 | D:13     | Noticed Fosh's ghost (journeyman GrEE)
 24066 | D:13     | Noticed Rupert
 24078 | D:13     | Killed Rupert
 24403 | D:13     | Found a transporter.
 24613 | D:13     | Noticed Azrael
 24641 | D:13     | Reached skill level 16 in Crossbows
 24641 | D:13     | Reached XP level 16. HP: 75/97 MP: 18/23
 24663 | D:13     | Killed Azrael
 24984 | D:13     | Found a gate to the Vaults.
 24985 | D:13     | Noticed Snorg
 25018 | D:13     | Killed Snorg
 25770 | D:14     | Received a gift from Trog
 25795 | D:14     | Reached skill level 17 in Crossbows
 25946 | D:14     | Noticed Kirke
 25965 | D:14     | Killed Kirke
 26151 | D:14     | Noticed Josephine
 26165 | D:14     | Killed Josephine
 26410 | D:15     | Entered Level 15 of the Dungeon
 26502 | D:15     | Noticed Jorgrun
 26522 | D:15     | Killed Jorgrun
 26522 | D:15     | Reached skill level 18 in Crossbows
 26813 | D:15     | Found a staircase to the Depths.
 27096 | D:15     | Found a glowing golden altar of the Shining One.
 27097 | D:15     | Found a runed translucent door.
 27201 | D:15     | Received a gift from Trog
 28322 | D:12     | Found a roughly hewn altar of Beogh.
 28322 | D:12     | Found a staircase to the Orcish Mines.
 28599 | Snake:1  | Entered Level 1 of the Snake Pit
 28627 | Snake:1  | Reached XP level 17. HP: 105/108 MP: 24/24
 28642 | Snake:1  | Noticed Aizul
 29027 | Snake:1  | Killed Aizul
 29163 | Snake:1  | Found a glowing silver altar of Zin.
 30210 | Snake:2  | Identified a scroll of acquirement
 30261 | Snake:2  | Received a gift from Trog
 30906 | Snake:2  | Noticed Vashnia
 31862 | Snake:2  | Killed Vashnia
 31862 | Snake:2  | Reached skill level 19 in Crossbows
 32518 | Snake:2  | Slain by a nagaraja

Levels and vault maps discovered:
D:1:      dpeg_arrival_tiny_k, layout_rooms
D:2:      layout_basic, ashenzari_altar_1
D:3:      layout_loops_cross, nicolae_overflow_hidden_temple, first_ration,
          kennysheep_generic_room_11
D:4:      layout_cave_pools, serial_shops, kennysheep_mini_moat,
          kennysheep_generic_room_3
D:5:      layout_rooms, nicolae_dithmenos_the_darkroom,
          minmay_temple_entry_overgrown, minmay_misc_feat_more_columns,
          uniq_edmund, uniq_pikel
D:6:      layout_cave_pools
D:7:      layout_loops_ring, nicolae_tso_swordbearing_angel, serial_shops,
          nicolae_shop_stone
D:8:      layout_basic, serial_shops, shop
D:9:      layout_grid_maze, minmay_lair_entry_grove, serial_shops,
          nicolae_shop_statue_plus, uniq_joseph
D:10:     layout_irregular_city
D:11:     layout_cave_pools, hangedman_ranch [blue_anna_fruit_fields],
          minivault_12
D:12:     layout_loops_ring, david_orc_5
D:13:     layout_roguey, erik_vaults_1, gammafunk_ghost_abyssal_escape,
          uniq_rupert, uniq_snorg, uniq_azrael
D:14:     layout_big_octagon, serial_bayou_pond_e, uniq_josephine, uniq_kirke
D:15:     hangedman_depths_entry_civil_slaughter, layout_loops_ring,
          corexii_leaking_fountain, lemuel_angel_altar, uniq_jorgrun
Temple:   regret_index_temple_mists
Lair:1:   minmay_guarded_unrand_snakebite, layout_loops_ring,
          portal_ice_cave_demonic_guard, lightli_volcano_entry_magma_tube,
          serial_bayou_pond_e
Lair:2:   layout_small_grid, elwin_shoals_entry_rooms,
          guppyfry_snake_entry_island, serial_bayou_pond_c
Lair:3:   layout_cave_shapes
Lair:4:   layout_cave_pods, grunt_megastairs_2, serial_bayou_shore_b
Lair:5:   layout_hall_layers, minmay_slime_entry_jelly_boxes,
          hibernation_bobbens, grunt_megastairs_1
Lair:6:   cheibrodos_lair_end_hotspot, layout_cave_pods, basic_altar,
          lemuel_fruit_tree
Snake:1:  layout_rooms, special_room, basic_altar, uniq_aizul
Snake:2:  nicolae_aizul_guard, layout_cave_pods, uniq_vashnia
Orc:1:    layout_caves, uniq_gastronok
Orc:2:    grunt_orc_cross, layout_caves, uniq_nessos, uniq_donald, uniq_sonja

Skill      XL: |  1  2  3  4  5  6  7  8  9 10 11 12 13 14 15 16 17 |
---------------+----------------------------------------------------+-----
Stealth        | 1 2 3 4 5 7 8 10 11 13 15 | 15.0
Dodging        | 3 4 5 6 7 8 10 | 10.0
Fighting       | 4 5 6 10 12 14 | 14.0
Short Blades   | 5 6 8 10 11 13 14 | 14.0
Crossbows      | 3 5 6 8 10 12 16 18 19 | 19.5
Evocations     | 1 5 8 10 | 10.0
Armour         | 4 6 7 |  7.0
Shields        | 3 5 |  5.7

Action                   |  1- 3 |  4- 6 |  7- 9 | 10-12 | 13-15 | 16-18 || total
-------------------------+-------+-------+-------+-------+-------+-------++-------
Melee: Short sword       |    61 |       |       |       |       |       ||    61
       Dagger            |    34 |   161 |   378 |    55 |       |       ||   628
       Rapier            |       |       |       |   409 |  1001 |   515 ||  1925
 Fire: Hand crossbow     |       |       |    12 |    13 |    47 |       ||    72
       Arbalest          |       |       |       |       |    38 |   215 ||   253
       Triple crossbow   |       |       |       |       |       |     4 ||     4
Invok: Berserk           |     3 |     1 |     2 |     2 |       |       ||     8
       Trog's Hand       |       |       |     1 |     1 |     2 |     1 ||     5
       Brothers in Arms  |       |       |       |       |     1 |     1 ||     2
Evoke: Wand              |       |       |       |       |     7 |     8 ||    15
  Use: Scroll            |     4 |     5 |     4 |     9 |     8 |     9 ||    39
       Potion            |       |       |       |       |       |     3 ||     3
 Stab: Distracted        |     2 |       |       |     1 |     4 |     1 ||     8
       Sleeping          |     1 |     1 |     4 |    27 |    42 |    10 ||    85
       Paralysed         |       |       |       |       |     2 |       ||     2
  Eat: Chunk             |    12 |     6 |    11 |    27 |    42 |    26 ||   124
Armor: Animal skin       |     1 |       |       |       |       |       ||     1
       Ring mail         |    17 |    41 |    29 |    17 |   117 |    97 ||   318
       Leather armour    |       |       |     7 |    31 |     1 |       ||    39
Dodge: Dodged            |    52 |   138 |   225 |   279 |   525 |   401 ||  1620
       Deflected         |       |       |       |     5 |    13 |    58 ||    76
Block: Buckler           |       |       |       |       |    54 |       ||    54
       Other             |       |       |       |       |     2 |    41 ||    43
       Reflection        |       |       |       |       |       |     8 ||     8

Table legend:
 A = Non-vault XP
 B = Vault XP
 C = Vault XP percentage of total XP
 D = Non-vault monster count
 E = Vault monster count
 F = Vault count percentage of total count
                 A         B        C        D         E       F
            +---------+---------+-------+---------+---------+-------
      Total |  121820 |   72376 |  37.3 |     693 |     189 |  21.4
            +---------+---------+-------+---------+---------+-------
        D:1 |      14 |       0 |   0.0 |      10 |       0 |   0.0
        D:2 |      85 |       0 |   0.0 |      32 |       0 |   0.0
        D:3 |     103 |       0 |   0.0 |      24 |       0 |   0.0
        D:4 |     755 |       0 |   0.0 |      29 |       0 |   0.0
        D:5 |     935 |     842 |  47.4 |      20 |       2 |   9.1
        D:6 |    1292 |       0 |   0.0 |      23 |       0 |   0.0
        D:7 |    1140 |       0 |   0.0 |      23 |       0 |   0.0
        D:8 |    2860 |       0 |   0.0 |      26 |       0 |   0.0
        D:9 |     722 |    1963 |  73.1 |      13 |      13 |  50.0
       D:10 |    2467 |       0 |   0.0 |      30 |       0 |   0.0
       D:11 |    5536 |    2195 |  28.4 |      56 |       8 |  12.5
       D:12 |    7311 |    1295 |  15.0 |      36 |      22 |  37.9
       D:13 |    4936 |    8056 |  62.0 |      30 |      11 |  26.8
       D:14 |    9630 |    4636 |  32.5 |      48 |       8 |  14.3
       D:15 |   14747 |    6899 |  31.9 |      34 |       7 |  17.1
     Lair:1 |    4816 |    4290 |  47.1 |      27 |      19 |  41.3
     Lair:2 |    2483 |     891 |  26.4 |       9 |       4 |  30.8
     Lair:3 |    4030 |       0 |   0.0 |      18 |       0 |   0.0
     Lair:4 |    4563 |     151 |   3.2 |      19 |       1 |   5.0
     Lair:5 |    3994 |    1120 |  21.9 |      20 |      16 |  44.4
     Lair:6 |   13655 |    7484 |  35.4 |      43 |      26 |  37.7
    Snake:1 |   17294 |    1654 |   8.7 |      30 |       1 |   3.2
    Snake:2 |   13822 |    9834 |  41.6 |      24 |       7 |  22.6
      Orc:1 |    2833 |    2037 |  41.8 |      40 |       1 |   2.4
      Orc:2 |    1797 |   11307 |  86.3 |      29 |      35 |  54.7
    Volcano |       0 |    7722 | 100.0 |       0 |       8 | 100.0
            +---------+---------+-------+---------+---------+-------
